 Dungeon Crawl Stone Soup version 0.21.1-1-g345015f (webtiles) character file.

20 tmanu the Stinger (level 2, -4/23 HPs)
             Began as a Draconian Venom Mage on Mar 17, 2018.
             Killed by nerve-wracking pain
             ... invoked by a shadow imp
              (12 damage)
             ... on level 2 of the Dungeon.
             The game lasted 00:10:48 (518 turns).

tmanu the Stinger (Draconian Venom Mage)             Turns: 518, Time: 00:10:51

Health: -4/23      AC:  4    Str: 10    XL:     2   Next: 58%
Magic:  1/5        EV: 12    Int: 15    God:
Gold:   35         SH:  0    Dex: 11    Spells: 2/5 levels left

rFire    . . .     SeeInvis .   e - +0 spear
rCold    . . .     Gourm    .   (no shield)
rNeg     . . .     Faith    .   (armour unavailable)
rPois    .         Spirit   .   (helmet restricted)
rElec    .         Reflect  .   (no cloak)
rCorr    .         Harm     .   (no gloves)
MR       .....                  (no boots)
Stlth    ++........             (no amulet)
HPRegen  0.07/turn              (no ring)
MPRegen  0.09/turn              (no ring)

@: very slightly contaminated
A: unfitting armour, cold-blooded, AC +4
a: no special abilities


You were on level 2 of the Dungeon.
You were not hungry.

You visited 1 branch of the dungeon, and saw 2 of its levels.

You collected 35 gold pieces.

Inventory:

Hand Weapons
 e - a +0 spear (weapon)
Missiles
 l - 19 arrows
Armour
 f - a +0 leather armour
 g - a +0 ring mail
 i - a +0 robe
Scrolls
 j - 4 scrolls of identify {unknown}
 k - 2 scrolls of remove curse {unknown}
 m - a scroll of magic mapping {unknown}
 n - a scroll of enchant weapon {unknown}
Potions
 c - a potion of curing {unknown}
 d - a potion of heal wounds {unknown}
 h - a potion of might {unknown}
Books
 a - a Young Poisoner's Handbook

   Spells                             Type                      Level
   a - Sting                          Conjuration/Poison           1
   b - Poisonous Vapours              Poison/Air                   2
   c - Mephitic Cloud                 Conjuration/Poison/Air       3
   d - Olgreb's Toxic Radiance        Poison                       4
   e - Venom Bolt                     Conjuration/Poison           5
Comestibles
 b - 3 rations


   Skills:
 * Level 1.4 Fighting
 - Level 1.7 Dodging
 - Level 1.7 Stealth
 - Level 2.0 Spellcasting
 + Level 1.0 Conjurations
 + Level 3.5 Poison Magic


You had 2 spell levels left.
You knew the following spells:

 Your Spells              Type           Power        Failure   Level  Hunger
a - Sting                 Conj/Pois      #...         9%          1    #......
b - Poisonous Vapours     Pois/Air       #.....       16%         2    ###....


Dungeon Overview and Level Annotations

Branches:
Dungeon (2/15)

Altars:


Innate Abilities, Weirdness & Mutations

Your plain brown scales are hard. (AC +4)
You cannot fit into any form of body armour.
You are cold-blooded and may be slowed by cold attacks.


Message History

Confirm with . or Enter, or press ? or * to list all spells.
Aiming: Sting
Press: ? - help, Shift-Dir - straight line, f/p - shadow imp
Aim: a shadow imp (severely wounded)
The sting hits the shadow imp.
The shadow imp completely resists.
The shadow imp is severely wounded.
The giant cockroach bites you but does no damage.
The shadow imp barely misses you.
Casting: Sting
Confirm with . or Enter, or press ? or * to list all spells.
Aiming: Sting
Press: ? - help, Shift-Dir - straight line, f/p - shadow imp
Aim: a shadow imp (severely wounded)
The sting hits the shadow imp.
The shadow imp appears unharmed.
The shadow imp is severely wounded.
The giant cockroach barely misses you. The shadow imp gestures at you.
Pain shoots through your body!
Ouch! That really hurt!
You die...

### .. #.. .. #.#
(### # ##.#### ...
#. .....##.#
###.##.......#
#......##.#..#
#...)..@.#
#..##.s5##
###..####.#
.....####.##
####.s.....##
##.?..)..#
..............#
....##.#..........
... #.##.....#...


You could see a shadow imp and a giant cockroach.

Vanquished Creatures
  2 dart slugs (D:1)
  2 leopard geckos (D:1)
  A giant cockroach (D:2)
  A goblin (D:1)
  A hobgoblin (D:1)
  A quokka (D:2)
  2 bats (D:1)
  3 kobolds (D:1)
  2 rats (D:1)
15 creatures vanquished.

Notes
Turn   | Place    | Note
-------+----------+-------------------------------------------
     0 | D:1      | tmanu the Draconian Venom Mage began the quest for the Orb.
     0 | D:1      | Reached XP level 1. HP: 14/14 MP: 3/3
   254 | D:1      | Reached skill level 1 in Fighting
   283 | D:1      | Reached XP level 2. HP: 21/23 MP: 1/5
   483 | D:2      | Learned a level 2 spell: Poisonous Vapours
   518 | D:2      | Killed from afar by a shadow imp

Skill      XL: |  1 |
---------------+----+-----
Fighting       | 1 |  1.4
Dodging        | |  1.7
Stealth        | |  1.7
Spellcasting   | |  2.0
Conjurations   | |  1.0
Poison Magic   | |  3.5

Action                   || total
-------------------------++-------
Melee: Spear             ||    48
 Cast: Sting             ||    14
       Poisonous Vapours ||     1
Armor: Skin              ||    24
Dodge: Dodged            ||    42
